 Dungeon Crawl Stone Soup version 0.30-a0-920-g7493c07aab (webtiles) character file.

Game seed: 12108959885816868075

25 cforsyth the Trooper (level 3, -2/29 HPs)
             Began as a Human Fighter on Mar 21, 2023.
             Slain by a goblin
             ... wielding a +0 club
             ... led by Robin
              (5 damage)
             ... on level 1 of the Dungeon.
             The game lasted 00:01:22 (1127 turns).

cforsyth the Trooper (Human Fighter)                Turns: 1127, Time: 00:01:23

Health: -2/29      AC:  6    Str: 18    XL:     3   Next: 17%
Magic:  3/3        EV:  9    Int:  8    God:
Gold:   94         SH:  4    Dex: 12    Spells: 2/2 levels left

rFire   . . .      SeeInvis .    a - +0 flail
rCold   . . .      Faith    .    c - +0 buckler
rNeg    . . .      Spirit   .    b - +0 scale mail
rPois   .          Reflect  .    (no helmet)
rElec   .          Rampage  .    (no cloak)
rCorr   .                        (no gloves)
Will    .....                    (no boots) Stlth
                                 (no amulet)
HPRegen 0.24/turn                (no ring)
MPRegen 0.08/turn                (no ring)

@: no status effects
A: no striking features
a: no special abilities


You were on level 1 of the Dungeon.
You visited 1 branch of the dungeon, and saw 2 of its levels.

You collected 94 gold pieces.

Inventory:

Hand Weapons
 a - a +0 flail (weapon)
Armour
 b - a +0 scale mail (worn)
 c - a +0 buckler (worn)
Scrolls
 e - a scroll of immolation {unknown}
 f - 3 scrolls of identify {unknown}
 g - a scroll of amnesia {unknown}
Potions
 d - a potion of might


   Skills:
 + Level 3.3 Fighting
 + Level 2.4 Maces & Flails
 + Level 3.3 Armour
 + Level 3.2 Shields


You had 2 spell levels left.
You didn't know any spells.
Your spell library contained the following spells:

 Spells                   Type           Power      Damage    Failure   Level
 Magic Dart               Conj           0%         1d3       87%         1
 Call Imp                 Summ           0%         N/A       95%         2
 Static Discharge         Conj/Air       0%         2-2/arc   95%         2
 Mephitic Cloud           Conj/Pois/Air  0%         N/A       99%         3
 Vhi's Electric Charge    Tloc/Air       0%         N/A       99%         3
 Arcjolt                  Conj/Air       0%         1d10      100%        5
 Plasma Beam              Fire/Air       0%         2x1d11    100%        5


Dungeon Overview and Level Annotations

Branches:
Dungeon (2/15)

Altars:

Annotations:
D:2 Robin, Sigmund


Message History

You see here a +0 club.
You closely miss the goblin. Robin throws the goblin at you!
The goblin barely misses you.
A goblin comes into view. It is wielding a +0 club.
The goblin hits you but does no damage. x2; The goblin misses you.
You miss the goblin.
The goblin shouts!
The goblin barely misses you. The goblin hits you with a +0 dagger.
The goblin barely misses you. The goblin hits you with a +0 club.
The goblin barely misses you. You block the goblin's attack.
The goblin hits you but does no damage. The goblin hits you with a +0 club.
You barely miss the goblin.
Robin roars a battlecry!
The goblins go into a battle-frenzy!
The goblin hits you but does no damage. You block the goblin's attack.
The goblin closely misses you. x2
You thump the goblin!
You kill the goblin!
The goblin hits you with a +0 club. You block the goblin's attack.
The goblin hits you with a +0 dagger.
* * * LOW HITPOINT WARNING * * *
The goblin attacks as you move away! The goblin hits you but does no damage.
The goblin attacks as you move away! The goblin hits you with a +0 dagger.
* * * LOW HITPOINT WARNING * * *
Sigmund screams, "I am the angel of ZOT!!!"
The goblin barely misses you.
You see here a +0 dagger.
The goblin attacks as you move away! The goblin hits you but does no damage.
Found a fuming emerald potion.
The goblin attacks as you move away! You block the goblin's attack.
The goblin attacks as you move away! The goblin hits you but does no damage.
The goblin attacks as you move away! You block the goblin's attack.
There is a stone staircase leading up here.
You block the goblin's attack.
You climb upwards.
There is a stone staircase leading down here.
The goblin completely misses you. The goblin attacks as you move away!
You block the goblin's attack. The goblin attacks as you move away!
The goblin hits you with a +0 club.
You die...

.###.......#..#######....###
...............###......##
.###....##.......#.#..###
.#.........#.#..##.#.##.#
.#..######.#............#
.......#########.#..###.#
.#####.##.......g..## #.#
.......##.######g### #.#
#########.# #@######.# #
#.######.#......# #
#......#.#.###### #
#......#.#.# ###
#......#.#.# ..#
#......'.#.# #.#
##.....###.# ..# #.....#
#.####### ..# #######
#.......#######


You could see 2 goblins.

Vanquished Creatures
  A dart slug (D:1)
  2 endoplasms (D:1)
  A giant cockroach (D:1)
  5 goblins
  4 hobgoblins
  A kobold (D:1)
  2 quokkas
  A ball python (D:2)
  3 bats (D:1)
20 creatures vanquished.

Notes
Turn   | Place    | Note
-------+----------+-------------------------------------------
     0 | D:1      | cforsyth the Human Fighter began the quest for the Orb.
     0 | D:1      | Reached XP level 1. HP: 18/18 MP: 1/1
   188 | D:1      | Reached XP level 2. HP: 24/24 MP: 2/2
  1003 | D:2      | Reached XP level 3. HP: 14/29 MP: 3/3
  1105 | D:2      | Noticed Robin
  1106 | D:2      | Noticed Sigmund
  1119 | D:2      | HP: 1/29 [goblin/+0 dagger[Robin] (4)]
  1127 | D:1      | Slain by a goblin

Illustrated notes

Levels and vault maps discovered:
D:1:      kilobyte_arrival_exit_the_forest, layout_basic,
          nicolae_figureground_pulse
D:2:      layout_rooms, basic_altar, ebering_ecumenical_altar_petrified,
          kennysheep_jessica_study, uniq_sigmund, uniq_robin

Action                     || total
---------------------------++-------
  Melee: Flail             ||    69
 Armour: Scale mail        ||    49
  Dodge: Dodged            ||    57
  Block: Buckler           ||    29

Table legend: (Time is in decaauts)
 A = Elapsed time spent in this place.
 B = Non-inter-level travel time spent in this place.
 C = Inter-level travel time spent in this place.
 D = Time resting spent in this place.
 E = Time spent auto-exploring this place.
 F = Levels seen in this place.
 G = Mean time per level.
                   A        B        C        D        E       F      G
               +--------+--------+--------+--------+--------+-----+--------+
         Total |   1157 |   1133 |     24 |      0 |    958 |   2 |  578.5 |
       Dungeon |   1157 |   1133 |     24 |      0 |    958 |   2 |  578.5 |
               +--------+--------+--------+--------+--------+-----+--------+

Top non-repeatable levels by time:
     D:1: 973 daAuts
     D:2: 184 daAuts
